 Dungeon Crawl Stone Soup version 0.22-a0-596-gfbd32a6 (webtiles) character file.

35952 Hebeh the Severer (level 13, -20/117 HPs)
             Began as a Minotaur Fighter on July 5, 2018.
             Was a High Priest of Trog.
             Killed from afar by Roxanne (32 damage)
             ... with a crystal spear
             ... on level 14 of the Dungeon.
             The game lasted 01:15:16 (18293 turns).

Hebeh the Severer (Minotaur Fighter)               Turns: 18293, Time: 01:15:19

Health: -20/117    AC: 16    Str: 26    XL:     13   Next: 50%
Magic:  14/14      EV: 10    Int:  5    God:    Trog [*****.]
Gold:   439        SH: 15    Dex: 13    Spells: 12/12 levels left

rFire    + . .     SeeInvis .   a - +6 hand axe (drain)
rCold    . . .     Gourm    .   c - +0 shield
rNeg     . . .     Faith    .   w - +2 ring mail {rF+}
rPois    +         Spirit   .   (helmet restricted)
rElec    .         Reflect  +   O - +2 cloak {MR+}
rCorr    .         Harm     .   Q - +0 pair of gloves
MR       +....                  s - +0 pair of boots
Stlth    +.........             M - +2 amulet of reflection
HPRegen  0.29/turn              U - ring of poison resistance
MPRegen  0.14/turn              D - +3 ring of dexterity

@: no status effects
A: retaliatory headbutt, horns 2
a: Berserk, Trog's Hand, Brothers in Arms, Renounce Religion


You were on level 14 of the Dungeon.
You worshipped Trog.
Trog was extremely pleased with you.
You were not hungry.

You visited 3 branches of the dungeon, and saw 16 of its levels.

You collected 784 gold pieces.
You spent 345 gold pieces at shops.

Inventory:

Hand Weapons
 a - a +6 hand axe of draining (weapon)
 b - a +2 hunting sling of flaming
 J - a +0 demon trident of flaming
 Y - a +1 mace of crushing
Missiles
 h - 459 stones
 m - 127 sling bullets
 r - 7 javelins (quivered)
 S - 5 poisoned javelins
Armour
 c - a +0 shield (worn)
 l - a +0 large shield
 s - a +0 pair of boots (worn)
 w - a +2 ring mail of fire resistance (worn)
 G - a +0 plate armour
 O - a +2 cloak of magic resistance (worn)
 Q - a +0 pair of gloves (worn)
Jewellery
 e - an uncursed ring of protection from cold
 y - an uncursed amulet of the acrobat {unknown}
 D - a +3 ring of dexterity (right hand)
 M - a +2 amulet of reflection (around neck)
 N - a +3 ring of evasion
 R - an uncursed ring of flight
 U - a ring of poison resistance (left hand)
Wands
 j - a wand of iceblast (10)
 u - a wand of flame (20)
 I - a wand of paralysis (27)
 K - a wand of disintegration (9)
 P - a wand of polymorph (48)
Scrolls
 g - 6 scrolls of identify
 i - 6 scrolls of teleportation
 k - a scroll of fear {unknown}
 n - 4 scrolls of enchant armour
 t - a scroll of acquirement {unknown}
 z - 2 scrolls of blinking
 B - 3 scrolls of fog
Potions
 d - 3 potions of might
 o - 2 potions of resistance
 p - 7 potions of curing
 q - 8 potions of heal wounds
 v - 4 potions of mutation {unknown}
 x - 2 potions of haste {unknown}
 A - 4 potions of flight
 C - a potion of brilliance {unknown}
 E - 3 potions of lignification
 F - a potion of ambrosia {unknown}
 H - a potion of magic {unknown}
 L - a potion of agility {unknown}
Comestibles
 f - 36 rations


   Skills:
 + Level 11.8 Fighting
 * Level 15.5 Axes
 + Level 10.2 Slings
 + Level 11.9 Armour
 + Level 11.7 Shields
 + Level 2.8 Evocations


You had 12 spell levels left.
You didn't know any spells.
Your spell library was empty.

Dungeon Overview and Level Annotations

Branches:
Dungeon (14/15)            Temple (1/1) D:4            Lair (1/6) D:8
    Orc (0/2) D:11         Vaults (0/5) D:14

Altars:
Ashenzari
Cheibriados
Dithmenos
Fedhas
Gozag
Hepliaklqana
Kikubaaqudgha
Nemelex Xobeh
Okawaru
Qazlal
Ru
Sif Muna
Trog
Uskayaw
Vehumet
Wu Jian
Xom
Yredelemnul
Zin
The Shining One
Jiyva

Shops:
D:6 !   D:9 ==(*!

Annotations:
D:9 1 transporter
D:14 1 runed door, exclusion: Roxanne, Roxanne


Innate Abilities, Weirdness & Mutations

You reflexively headbutt those who attack you in melee.
You have a pair of horns on your head.


Message History

You feel much better.
Firing (i - inventory. (/) - cycle)
m - 128 sling bullets (quivered)
Press: ? - help, Shift-Dir - straight line, f/p - Roxanne
Aim: Roxanne (almost destroyed)
You shoot a sling bullet. The sling bullet hits Roxanne.
Roxanne is almost destroyed.
Roxanne casts a spell.
The iron shot hits you!
* * * LOW HITPOINT WARNING * * *
You are too injured to fight recklessly!
You are too injured to fight recklessly!
You are too injured to fight recklessly!
You are too injured to fight recklessly!
Your +2 hunting sling of flaming stops flaming.
You sense an unholy aura.
a - a +6 hand axe of draining (weapon)
Roxanne says, "Come nearer, honey, I don't have a heart of stone."
Roxanne casts a spell.
The crystal spear hits you!
You die...

## ##### #. ....
#.##.. #..#.# #
#....###.# #(.8.....#
##+# ##@...#### ##...
###.#### ##....
#.##.## ##.....
######.#...####....:.
..............'......
.#####.#...####......
####.## ##....( #.#
##..). #.# ##.(.


You could see Roxanne.

Vanquished Creatures
  Louise (D:14)
  Nessos (D:13)
  Snorg (D:14)
  2 hydras
  3 centaur warriors
  8 two-headed ogres
  A tengu warrior (D:14)
  A wizard (D:14)
  A wolf spider zombie (D:13)
  5 ugly things
  A cyclops (D:13)
  Maurice (D:8)
  3 spiny frogs (Lair:1)
  A gargoyle (D:12)
  A komodo dragon (Lair:1)
  6 yaktaurs
  2 ice devils (Lair:1)
  A tengu conjurer (D:14)
  3 trolls
  2 hornets (D:9)
  Grinder (D:4)
  A hippogriff (D:9)
  A shadow (D:13)
  2 vampires
  A wyvern (D:11)
  19 yaks
  Grum (D:10)
  A hungry ghost (D:14)
  A basilisk (Lair:1)
  A basilisk (shapeshifter) (D:14)
  A soldier ant (D:9)
  2 water moccasins (Lair:1)
  An acid dragon (D:13)
  4 porcupines (Lair:1)
  16 orc warriors
  5 ice beasts
  7 phantoms
  3 sky beasts
  An eye of draining (D:14)
  4 ogres
  11 centaurs
  3 wolves (D:10)
  2 crocodiles
  12 bullfrogs
  4 big kobolds
  A wyvern skeleton (D:12)
  3 scorpions
  14 killer bees
  7 wights
  4 howler monkeys
  7 crimson imps
  3 quasits
  6 centaur zombies
  14 orc priests
  6 hounds
  7 jellies
  3 centaur skeletons
  3 bullfrog skeletons
  19 orc wizards
  14 worker ants
  An iguana (D:10)
  A mummy (D:8)
  10 gnolls
  A howler monkey skeleton (D:7)
  2 worker ant zombies
  14 adders
  3 shadow imps
  2 oozes
  2 adder zombies
  4 adder skeletons
  5 worms
  A dart slug (D:1)
  5 leopard geckos
  62 orcs
  5 ball pythons
  9 giant cockroaches
  5 goblins
  5 hobgoblins
  18 jackals
  4 quokkas
  7 bats
  7 frilled lizards
  18 kobolds
  A kobold zombie (D:8)
  2 leopard gecko skeletons
  A leopard gecko zombie (D:6)
  An orc zombie (D:8)
  8 rats
465 creatures vanquished.

Vanquished Creatures (others)
  2 centaurs (D:14)
  A fungus (Lair:1)
  2 plants (Lair:1)
5 creatures vanquished.

Grand Total: 470 creatures vanquished

Notes
Turn   | Place    | Note
-------+----------+-------------------------------------------
     0 | D:1      | Hebeh the Minotaur Fighter began the quest for the Orb.
     0 | D:1      | Reached XP level 1. HP: 19/19 MP: 0/0
   153 | D:1      | Reached XP level 2. HP: 23/27 MP: 1/1
   407 | D:1      | Reached skill level 3 in Axes
   797 | D:2      | Reached XP level 3. HP: 25/33 MP: 2/2
  1676 | D:2      | Reached XP level 4. HP: 38/40 MP: 3/3
  1904 | D:3      | Found a faded altar of an unknown god.
  1989 | D:3      | Reached skill level 1 in Slings
  1996 | D:3      | Reached skill level 4 in Axes
  2018 | D:3      | Reached XP level 5. HP: 28/47 MP: 4/4
  2473 | D:3      | Found an ornate altar of the Wu Jian Council.
  2808 | D:3      | Reached XP level 6. HP: 50/53 MP: 5/5
  2810 | D:3      | Reached skill level 5 in Axes
  2952 | D:4      | Found a staircase to the Ecumenical Temple.
  2959 | D:4      | Noticed Grinder
  2975 | D:4      | Paralysed by Grinder for 6 turns
  3290 | D:4      | Killed Grinder
  3290 | D:4      | Reached skill level 5 in Fighting
  3290 | D:4      | Reached skill level 5 in Armour
  3290 | D:4      | Reached skill level 5 in Shields
  3430 | Temple   | Entered the Ecumenical Temple
  3480 | Temple   | Became a worshipper of Trog the Wrathful
  3550 | D:4      | Got a warped falchion
  3562 | D:4      | Reached XP level 7. HP: 57/61 MP: 6/6
  3791 | D:4      | Reached skill level 6 in Axes
  3870 | D:4      | Found a blossoming altar of Fedhas.
  4167 | D:5      | Entered Level 5 of the Dungeon
  4347 | D:5      | Reached * piety under Trog
  4496 | D:5      | Got a dazzling rapier
  4498 | D:5      | Identified the cursed +2 falchion of the Spider Nest {vamp, rElec} (You found it on level 4 of the Dungeon)
  4499 | D:5      | Identified the +4 rapier of the Lost Wishes {vamp, +Inv rElec rF+} (You found it on level 5 of the Dungeon)
  4645 | D:5      | Reached XP level 8. HP: 38/70 MP: 7/7
  4960 | D:5      | Reached skill level 7 in Axes
  5251 | D:6      | Found an iron altar of Okawaru.
  5345 | D:6      | Found Virhar's Distillery.
  5350 | D:6      | Bought 2 potions of heal wounds for 100 gold pieces
  5350 | D:6      | Bought a potion of curing for 30 gold pieces
  5350 | D:6      | Bought a potion of heal wounds for 50 gold pieces
  5398 | D:6      | Found a shadowy altar of Dithmenos.
  6037 | D:6      | Found a radiant altar of Vehumet.
  6073 | D:6      | Reached skill level 8 in Axes
  6406 | D:7      | Reached ** piety under Trog
  6507 | D:7      | Reached XP level 9. HP: 77/78 MP: 8/8
  6783 | D:7      | Reached skill level 5 in Slings
  6954 | D:7      | Reached skill level 9 in Axes
  7539 | D:8      | Noticed a two-headed ogre
  7546 | D:8      | Killed a two-headed ogre
  7573 | D:8      | Found a staircase to the Lair.
  7612 | Lair:1   | Entered Level 1 of the Lair of Beasts
  7621 | Lair:1   | Reached skill level 10 in Axes
  7725 | Lair:1   | Noticed a spiny frog
  7734 | Lair:1   | Killed a spiny frog
  7760 | Lair:1   | HP: 4/81 [poisoned by a spiny frog]
  7767 | Lair:1   | HP: 4/81 [poisoned by a spiny frog]
  7775 | Lair:1   | HP: 4/81 [poisoned by a spiny frog]
  8159 | Lair:1   | Reached XP level 10. HP: 88/88 MP: 9/9
  8421 | Lair:1   | Noticed a five-headed hydra
  8431 | Lair:1   | Killed a five-headed hydra
  8431 | Lair:1   | Reached skill level 11 in Axes
  8532 | Lair:1   | Reached *** piety under Trog
  8857 | Lair:1   | Noticed a spiny frog
  8865 | Lair:1   | Killed a spiny frog
  9130 | Lair:1   | Noticed a spiny frog
  9140 | Lair:1   | Killed a spiny frog
  9833 | D:8      | Noticed Maurice
  9849 | D:8      | Killed Maurice
 10143 | D:8      | Received a gift from Trog
 10143 | D:8      | Reached XP level 11. HP: 96/97 MP: 10/10
 10154 | D:8      | Found a hide-covered altar of Uskayaw.
 10317 | D:9      | Found Cupari's Assorted Antiques.
 10317 | D:9      | Found a transporter.
 10362 | D:9      | Reached skill level 12 in Axes
 10487 | D:9      | Found Loelorr's Weapon Shop.
 10488 | D:9      | Found Tioketof's Jewellery Boutique.
 10702 | D:9      | Found Roeb's Jewellery Emporium.
 10803 | D:9      | Found Uzusim's Distillery.
 10804 | D:9      | Noticed a two-headed ogre
 10812 | D:9      | Killed a two-headed ogre
 10909 | D:9      | Bought a potion of heal wounds for 55 gold pieces
 10909 | D:9      | Bought 2 potions of heal wounds for 110 gold pieces
 11343 | D:9      | Paralysed by a hornet for 1 turns
 11344 | D:9      | Received a gift from Trog
 11475 | D:9      | Found a viscous altar of Jiyva.
 11780 | D:10     | Entered Level 10 of the Dungeon
 12548 | D:10     | Noticed Grum
 12558 | D:10     | Reached skill level 10 in Fighting
 12558 | D:10     | Reached skill level 13 in Axes
 12568 | D:10     | Killed Grum
 12571 | D:10     | Reached **** piety under Trog
 12571 | D:10     | Reached skill level 10 in Armour
 12610 | D:10     | Reached skill level 10 in Shields
 12898 | D:10     | Got a pair of shimmering gloves
 12918 | D:10     | Received a gift from Trog
 12979 | D:10     | Identified the +0 pair of gloves of Xepha {*Corrode Str+3} (You found it on level 10 of the Dungeon)
 13361 | D:11     | Received a gift from Trog
 13438 | D:11     | Found a staircase to the Orcish Mines.
 13475 | D:11     | Noticed a two-headed ogre
 13498 | D:11     | Killed a two-headed ogre
 13498 | D:11     | Reached XP level 12. HP: 104/107 MP: 11/11
 13602 | D:11     | Noticed a two-headed ogre
 13619 | D:11     | Killed a two-headed ogre
 13720 | D:11     | Received a gift from Trog
 14257 | D:12     | Reached ***** piety under Trog
 14303 | D:12     | Noticed a two-headed ogre
 14310 | D:12     | Killed a two-headed ogre
 14310 | D:12     | Reached skill level 14 in Axes
 14750 | D:12     | Noticed a two-headed ogre
 14756 | D:12     | Killed a two-headed ogre
 14857 | D:13     | Noticed a centaur warrior
 14858 | D:13     | Noticed a two-headed ogre
 14867 | D:13     | Killed a centaur warrior
 14871 | D:13     | Killed a two-headed ogre
 14895 | D:13     | Noticed a centaur warrior
 14900 | D:13     | Noticed a two-headed ogre
 14906 | D:13     | Killed a centaur warrior
 14913 | D:13     | Killed a two-headed ogre
 15617 | D:13     | Reached skill level 1 in Evocations
 15799 | D:13     | Reached XP level 13. HP: 101/116 MP: 12/12
 15867 | D:12     | Reached skill level 15 in Axes
 16008 | D:13     | Noticed Nessos
 16018 | D:13     | Killed Nessos
 16018 | D:13     | Received a gift from Trog
 16540 | D:13     | Reached skill level 10 in Slings
 17110 | D:14     | Noticed Snorg
 17120 | D:13     | Received a gift from Trog
 17309 | D:14     | Killed Snorg
 17329 | D:14     | Found a radiant altar of Vehumet.
 17423 | D:14     | Noticed Louise
 17459 | D:14     | Killed Louise
 17979 | D:14     | Found a gate to the Vaults.
 18020 | D:14     | Found a runed door.
 18067 | D:14     | Received a gift from Trog
 18248 | D:14     | Noticed Roxanne
 18293 | D:14     | Killed from afar by Roxanne

Vault maps used:
D:1:      dpeg_arrival_round_c
D:3:      overflow_temple_1_default, chequers_ecumenical_altar_simple,
          minmay_large_rounded_square
D:4:      fedhas_altar_1, minmay_temple_entry_junction, first_ration,
          uniq_grinder
D:6:      grunt_dithmenos_smoke_and_mirrors, vehumet_crystals,
          overflow_temple_1_default, serial_shops, kennysheep_little_box
D:8:      marbit_many_paths, lair_entry_dummy, nicolae_ossuary_entry_giza,
          uniq_maurice
D:9:      gammafunk_jiyva_shrine, serial_shops, shop, shop, shop_statue,
          shop_fountains, shop, hangedman_pestilent_swarm
D:10:     uniq_grum
D:11:     hiddenorc1_lemuel
D:13:     special_room, hive_lemuel, uniq_nessos
D:14:     cheibrodos_shockbox, david_vaults_5, hangedman_decor_slide_cut,
          basic_altar, uniq_louise, uniq_snorg, uniq_roxanne
Temple:   compressed_dpeg_circular_temple
Lair:1:   portal_ice_cave_demonic_guard, grunt_megastairs_3

Skill      XL: |  1  2  3  4  5  6  7  8  9 10 11 12 13 |
---------------+----------------------------------------+-----
Axes           | 3 4 5 6 8 10 11 13 14 15 | 15.5
Armour         | 4 5 6 7 9 10 11 | 11.9
Shields        | 4 5 6 7 9 10 11 | 11.7
Fighting       | 4 5 6 7 9 10 11 | 11.8
Slings         | 1 2 3 4 6 7 8 9 10 | 10.2
Evocations     | 1 2 |  2.8

Action                   |  1- 3 |  4- 6 |  7- 9 | 10-12 | 13-15 || total
-------------------------+-------+-------+-------+-------+-------++-------
Melee: War axe           |    68 |   126 |       |       |       ||   194
       Headbutt          |     9 |    20 |    46 |   171 |     8 ||   254
       Hand axe          |       |    28 |   283 |   742 |    41 ||  1094
       Unarmed           |       |     1 |       |       |       ||     1
       Hunting sling     |       |       |       |       |     1 ||     1
 Fire: Hunting sling     |     7 |       |    83 |    82 |   284 ||   456
Throw: Javelin           |     3 |       |     6 |     7 |       ||    16
       Stone             |       |       |       |     2 |       ||     2
Invok: Berserk           |       |       |     1 |     1 |       ||     2
       Trog's Hand       |       |       |     1 |     1 |       ||     2
  Use: Scroll            |     3 |     2 |     3 |    19 |       ||    27
       Potion            |       |       |       |     1 |     2 ||     3
  Eat: Chunk             |     1 |     6 |    10 |    24 |     3 ||    44
       Ration            |       |     1 |     1 |     1 |     1 ||     4
Armor: Scale mail        |    30 |    81 |   101 |    18 |       ||   230
       Plate armour      |       |       |       |   195 |    27 ||   222
       Ring mail         |       |       |       |       |    15 ||    15
Dodge: Dodged            |    14 |    46 |    80 |   131 |    36 ||   307
Block: Shield            |    35 |    88 |   141 |   386 |   103 ||   753
       Reflection        |       |       |       |    14 |    16 ||    30

Table legend:
 A = Spawn XP
 B = Non-spawn XP
 C = Spawn XP percentage of total XP
 D = Spawn monster count
 E = Non-spawn monster count
 F = Spawn count percentage of total count
 G = Total turns spent on level
                    A         B        C        D         E        F      G
               +---------+---------+-------+---------+---------+-------+---------
         Total |       0 |   51361 |   0.0 |       0 |     467 |   0.0 | 18293
               +---------+---------+-------+---------+---------+-------+---------
           D:1 |       0 |      22 |   0.0 |       0 |      14 |   0.0 |   627
           D:2 |       0 |     103 |   0.0 |       0 |      18 |   0.0 |  1267
           D:3 |       0 |     314 |   0.0 |       0 |      38 |   0.0 |  1315
           D:4 |       0 |     565 |   0.0 |       0 |      18 |   0.0 |   871
           D:5 |       0 |     520 |   0.0 |       0 |      25 |   0.0 |  1084
           D:6 |       0 |     901 |   0.0 |       0 |      24 |   0.0 |  1071
           D:7 |       0 |    1240 |   0.0 |       0 |      30 |   0.0 |  1216
           D:8 |       0 |    1947 |   0.0 |       0 |      22 |   0.0 |   621
           D:9 |       0 |    3627 |   0.0 |       0 |      31 |   0.0 |  1477
          D:10 |       0 |    5971 |   0.0 |       0 |      64 |   0.0 |  1326
          D:11 |       0 |    3991 |   0.0 |       0 |      43 |   0.0 |   942
          D:12 |       0 |    6627 |   0.0 |       0 |      34 |   0.0 |  1984
          D:13 |       0 |   12687 |   0.0 |       0 |      63 |   0.0 |  1375
          D:14 |       0 |    7414 |   0.0 |       0 |      22 |   0.0 |   862
        Lair:1 |       0 |    5432 |   0.0 |       0 |      21 |   0.0 |  2168
               +---------+---------+-------+---------+---------+-------+---------
